 Dungeon Crawl Stone Soup version 0.21.1-1-g345015f (webtiles) character file.

106919 shakethe the Severer (level 15, -1/139 HPs)
             Began as a Demonspawn Fighter on Feb 21, 2018.
             Was the Champion of Okawaru.
             Killed from afar by a shock serpent (9 damage)
             ... with a bolt of electricity
             ... on level 2 of the Snake Pit.
             The game lasted 01:15:16 (29905 turns).

shakethe the Severer (Demonspawn Fighter)          Turns: 29905, Time: 01:15:17

Health: -1/139     AC: 36    Str: 20    XL:     15   Next: 98%
Magic:  21/21      EV:  4    Int: 16    God:    Okawaru [******]
Gold:   3012       SH:  0    Dex: 12    Spells: 14/14 levels left

rFire    + . .     SeeInvis +   b - +3 executioner's axe of Wu Jian's Scorn {elec, rF+ Stlth+}
rCold    . . .     Gourm    .   (shield currently unavailable)
rNeg     . . .     Faith    +   Q - +3 crystal plate armour
rPois    +         Spirit   .   (helmet restricted)
rElec    .         Reflect  .   S - +0 cloak
rCorr    .         Harm     .   N - +2 pair of gloves {Str+3}
MR       +....                  O - +1 pair of boots {Stlth+}
Stlth    ..........             K - amulet of faith {Faith, !P}
HPRegen  0.33/turn              m - ring of see invisible {sInv, !d}
MPRegen  0.17/turn              e - ring of poison resistance {rPois, !d}

@: very slightly contaminated, hasted, very quick
A: horns 2, slimy green scales 2, foul stench 1, powered by death 2, robust 1,
rot immunity
a: Heroism, Finesse, Renounce Religion


You were on level 2 of the Snake Pit.
You worshipped Okawaru.
Okawaru was exalted by your worship.
You were not hungry.

You visited 4 branches of the dungeon, and saw 25 of its levels.
You also visited: Bailey.

You collected 3243 gold pieces.
You spent 231 gold pieces at shops.

Inventory:

Hand Weapons
 a - a +2 mace of flaming
   (You found it on level 2 of the Dungeon)
 b - the +3 executioner's axe of Wu Jian's Scorn (weapon) {elec, rF+ Stlth+}
   (You acquired it on level 3 of the Lair of Beasts)

   Occasionally, upon striking a foe, it will discharge some electrical energy
   and cause terrible harm.
   It protects you from fire.
   It makes you more stealthy.
Missiles
 c - 12 throwing nets {=f, !d}
Armour
 v - the +2 scale mail of the Vanishing Mice {MR+ rCorr}
   (Okawaru gifted it to you on level 1 of the Snake Pit)

   It affects your resistance to hostile enchantments.
   It protects you from acid and corrosion.
 N - a +2 pair of gloves of strength (worn)
   (You bought it in a shop on level 9 of the Dungeon)
 O - a +1 pair of boots of stealth (worn)
   (Okawaru gifted it to you on level 5 of the Lair of Beasts)
 Q - a +3 crystal plate armour (worn)
   (Okawaru gifted it to you on level 12 of the Dungeon)
 S - a +0 cloak (worn)
   (You found it on level 10 of the Dungeon)
Jewellery
 e - a ring of poison resistance (right hand) {rPois, !d}
   (You found it on level 5 of the Lair of Beasts)
 m - a ring of see invisible (left hand) {sInv, !d}
   (You took it off an orc on level 6 of the Dungeon)
 K - an amulet of faith (around neck) {Faith, !P}
   (You found it on level 6 of the Lair of Beasts)
Wands
 d - a wand of polymorph (16)
   (You took it off Sigmund on level 3 of the Dungeon)
 g - a wand of acid (21)
   (You found it on level 1 of the Lair of Beasts)
 w - a wand of paralysis (4)
   (You found it on level 3 of the Dungeon)
 I - a wand of disintegration (21)
   (You found it on level 6 of the Dungeon)
 L - a wand of digging (14)
   (You found it on level 7 of the Dungeon)
Scrolls
 k - 2 scrolls of fog
 l - 12 scrolls of remove curse
 n - a scroll of immolation {!r}
 p - 6 scrolls of amnesia
 q - 4 scrolls of blinking {!r}
 r - 9 scrolls of teleportation
 s - 3 scrolls of summoning
 y - 5 scrolls of enchant weapon
 B - a scroll of fear
 C - 3 scrolls of identify
 V - 4 scrolls of magic mapping {!r}
Potions
 h - 12 potions of curing
 i - 3 potions of brilliance
 j - 8 potions of lignification {!q}
 o - 2 potions of ambrosia
 t - a potion of invisibility
 u - a potion of might
 x - 3 potions of haste
 A - a potion of magic
 D - 3 potions of mutation {!q}
 E - a potion of cancellation {unknown}
 M - a potion of berserk rage {!q}
 X - 2 potions of flight
Miscellaneous
 z - a box of beasts
 J - 2 phantom mirrors
 R - a lamp of fire
   (You found it on level 9 of the Dungeon)
 U - a sack of spiders
 Y - a phial of floods
   (You found it on level 2 of the Lair of Beasts)
Comestibles
 f - 31 rations
 F - 4 chunks of flesh {@w0@w0}


   Skills:
 + Level 14.8 Fighting
 * Level 15.8 Axes
 + Level 13.8 Armour
   Level 4.0 Shields
 - Level 9.0 Invocations
 - Level 5.1 Evocations


You had 14 spell levels left.
You didn't know any spells.

Dungeon Overview and Level Annotations

Branches:
Dungeon (15/15)            Temple (0/1) D:7            Lair (6/6) D:8
 Shoals (0/4) Lair:4        Snake (2/4) Lair:4        Slime (0/5) Lair:5
    Orc (2/2) D:12            Elf (0/3) Orc:2        Vaults (0/5) D:14
 Depths (0/5) D:15

Altars:
Ashenzari
Cheibriados
Fedhas
Gozag
Hepliaklqana
Makhleb
Nemelex Xobeh
Okawaru
Ru
Sif Muna
Trog
Vehumet
Yredelemnul
The Shining One

Shops:
D:9 [   D:12 [(   D:15 *   Orc:2 (:*[   Snake:1 (

Annotations:
D:13 Sonja
Lair:5 exclusion: 3 oklob plants


Innate Abilities, Weirdness & Mutations

You have a pair of horns on your head.
You are mostly covered in slimy green scales. (AC +3)
You may emit foul miasma when damaged in melee.
You regenerate health from kills.
You are robust. (+10% HP)
You are immune to rotting.


Message History

The salamander hits you but does no damage.
Unknown command.
You hit the salamander.
The salamander hits you but does no damage.
You closely miss the salamander.
The salamander hits you but does no damage.
The salamander hits you.
You are engulfed in flames.
You resist.
You emit a cloud of foul miasma!
You take 10 damage, and have 127/139 hp.
Unknown command.
You slice the salamander!!
You kill the salamander!
Okawaru accepts your kill.
You regained 3 hp, and now have 130/139 hp.
Unknown command.
No target in view!
Things that are here:
an uncursed shortbow of flaming; 12 arrows; a salamander corpse You regained 2 hp, and now have 132/139 hp.
You butcher the salamander corpse.
F - 4 chunks of flesh {@w0@w0}
Things that are here:
an uncursed shortbow of flaming; 12 arrows
Things that are here:
an uncursed shortbow of flaming; 12 arrows
Things that are here:
an enchanted halberd; a robe; a naga corpse You regained 4 hp, and now have 136/139 hp.
You see here 16 stones.
You found an alarm trap!
Health restored: 139 A shock serpent comes into view.
The shock serpent hisses angrily.
The shock serpent bites you but does no damage.
You closely miss the shock serpent. Your headbutt misses the shock serpent.
The shock serpent bites you but does no damage.
The shock serpent looks sick.
The shock serpent bites you but does no damage.
You closely miss the shock serpent.
You headbutt the shock serpent, but do no damage.
The shock serpent bites you but does no damage. x2
A shock serpent is nearby!
You miss the shock serpent. Your headbutt misses the shock serpent.
The shock serpent bites you. The shock serpent shocks you!
You take 13 damage, and have 126/139 hp.
Unknown command.
You open the shock serpent like a pillowcase!!!
The shock serpent's electric aura discharges violently, shocking you!
The shock serpent bites you! The shock serpent shocks you!
The shock serpent bites you but does no damage.
You take 32 damage, and have 94/139 hp.
MASSIVE DAMAGE!!
You hit the shock serpent.
The shock serpent bites you but does no damage. x2
You closely miss the shock serpent.
The shock serpent shoots out a bolt of lightning at you!
The bolt of electricity hits you!
The shock serpent bites you but does no damage.
You take 18 damage, and have 76/139 hp.
You are too injured to fight recklessly!
Unknown command.
You are too injured to fight recklessly!
You are too injured to fight recklessly!
Unknown command.
You are too injured to fight recklessly!
You are too injured to fight recklessly!
You are too injured to fight recklessly!
Your crystal plate armour prevents you from hitting the shock serpent.
The shock serpent bites you but does no damage. x2
You closely miss the shock serpent. The shock serpent bites you.
The shock serpent shocks you!
You take 11 damage, and have 66/139 hp.
Your crystal plate armour prevents you from hitting the shock serpent.
The shock serpent bites you but does no damage.
The shock serpent bites you. The shock serpent shocks you!
You take 14 damage, and have 52/139 hp.
You miss the shock serpent. You headbutt the shock serpent.
The shock serpent bites you but does no damage.
The shock serpent bites you. The shock serpent shocks you!
* * * LOW HITPOINT WARNING * * *
You take 15 damage, and have 37/139 hp.
You miss the shock serpent.
The shock serpent shoots out a bolt of lightning at you!
The bolt of electricity hits you!
* * * LOW HITPOINT WARNING * * *
The shock serpent shoots out a bolt of lightning at you!
The bolt of electricity hits you!
* * * LOW HITPOINT WARNING * * *
You take 32 damage, and have 5/139 hp.
MASSIVE DAMAGE!!
Okay, then.
Really read
q - 5 scrolls of blinking {!r}?
Blink to where?
You are very lightly contaminated with residual magic.
As you read the scroll of blinking {!r}, it crumbles to dust.
Okay, then.
You feel yourself speed up.
The shock serpent shoots out a bolt of lightning at you!
The bolt of electricity hits you!
You die...

### ## ### #.## #.#
..#####.## #.# ####
###.####.## #.#
##.S## # ##.###..##
#.###.##.## #
##..##..##
#^..####.## #
##...#..## ##.##
##.## #
##..)#..####..##
##S## #
#........#@...#
##.## ##
##)(....(...##.#
##.##
.#########(.....###
#.# #..#
.......####.....#
.# ##ยง#
######..###(....# #
#..# # #.........##
#..## #
##.######..# #.#
######### #..# .#
...... ..... .#


You could see a shock serpent.

Vanquished Creatures
  The ghost of grindst0ne the Warrior, an adept FoCK of Xom (Lair:3)
  An orc warlord (Orc:2)
  Harold (Lair:2)
  Erolcha (D:13)
  3 naga warriors (Snake:1)
  Fannar (D:12)
  A catoblepas (D:15)
  A vault guard (D:14)
  4 hydras
  3 centaur warriors
  6 anacondas (Snake:1)
  A death knight (D:14)
  Erica (D:8)
  12 two-headed ogres
  3 death yaks (Lair:5)
  An ogre mage (D:13)
  The ghost of Shenanicrawl the Spear-Bearer, a novice MfIE of Makhleb (D:9)
  3 naga sharpshooters
  Nergalle (Lair:2)
  2 shock serpents (Snake:1)
  An unseen horror (D:11)
  2 naga ritualists (Snake:1)
  A glowing orange brain (D:15)
  Pikel (D:9)
  7 mana vipers (Snake:1)
  2 phantasmal warriors (D:14)
  6 cyclopes
  2 deep elf magi (D:14)
  6 orc knights
  10 ugly things
  6 orc sorcerers
  A wolf spider (D:14)
  3 salamanders
  A spectral centaur (D:12)
  Maurice (D:8)
  An eye of devastation (shapeshifter) (D:15)
  4 gargoyles
  A spiny frog (shapeshifter) (D:14)
  26 spiny frogs
  2 molten gargoyles (Lair:4)
  Psyche (D:11)
  9 komodo dragons
  12 black mambas
  A rime drake (Lair:4)
  2 efreet
  7 trolls
  A hornet (D:11)
  4 tyrant leeches
  A polar bear (shapeshifter) (D:13)
  10 blink frogs
  A meliai zombie (D:15)
  4 slime creatures (D:15)
  A dream sheep (shapeshifter) (D:15)
  5 hippogriffs
  Sigmund (D:3)
  2 shadows
  5 wyverns
  30 yaks
  2 wraiths
  A vampire (D:11)
  Grum (D:8)
  A human (shapeshifter) (D:14)
  5 basilisks
  11 vampire mosquitoes
  2 acid dragons
  3 wargs
  14 nagas
  Edmund (D:6)
  15 water moccasins
  12 porcupines
  3 black bears
  6 ice beasts
  5 sky beasts
  An eye of draining (D:11)
  38 orc warriors
  24 ogres
  2 necrophages
  2 phantoms
  3 wolves
  25 centaurs
  12 crocodiles
  A big kobold (D:10)
  8 gnoll sergeants (Bailey)
  22 bullfrogs
  7 scorpions
  11 killer bees
  4 electric eels
  10 howler monkeys
  5 lava snakes (Lair:4)
  9 crimson imps
  4 centaur zombies
  A quasit (D:10)
  4 bullfrog zombies
  17 orc priests
  9 hounds
  6 gnoll shamans (Bailey)
  5 jellies
  2 bullfrog skeletons
  21 orc wizards
  5 centaur skeletons
  4 iguanas
  6 worker ants
  A hound zombie (D:5)
  4 hound skeletons
  18 gnolls
  A howler monkey skeleton (D:10)
  5 adders
  A river rat (D:8)
  A shadow imp (D:8)
  2 oozes
  2 adder zombies
  An adder skeleton (D:4)
  4 worms
  3 dart slugs
  5 leopard geckos
  73 orcs
  5 giant cockroaches
  15 goblins
  4 hobgoblins
  15 jackals
  13 kobolds
  8 quokkas
  3 ball pythons
  A ball python skeleton (D:5)
  12 bats
  8 frilled lizards
  2 leopard gecko skeletons
  9 rats
  8 fungi
  6 plants
809 creatures vanquished.

Vanquished Creatures (others)
  3 slaves (D:9)
  A centaur (D:13)
  A jelly (D:15)
  A worker ant (D:9)
  A giant cockroach (D:2)
  14 fungi
  23 plants (Lair:6)
  5 toadstools (D:1)
49 creatures vanquished.

Grand Total: 858 creatures vanquished

Notes
Turn   | Place    | Note
-------+----------+-------------------------------------------
     0 | D:1      | shakethe the Demonspawn Fighter began the quest for the Orb.
     0 | D:1      | Reached XP level 1. HP: 18/18 MP: 1/1
   112 | D:1      | Reached skill level 2 in Axes
   135 | D:1      | Gained mutation: You regenerate a little health from kills. [demonic ancestry]
   135 | D:1      | Reached XP level 2. HP: 22/24 MP: 2/2
   373 | D:1      | Reached skill level 3 in Armour
   658 | D:1      | Gained mutation: You have a pair of small horns on your head. [demonic ancestry]
   658 | D:1      | Reached XP level 3. HP: 24/29 MP: 3/3
  1453 | D:2      | Gained mutation: You have a pair of horns on your head. [demonic ancestry]
  1453 | D:2      | Reached XP level 4. HP: 20/37 MP: 4/4
  1884 | D:2      | Found a glowing golden altar of the Shining One.
  1893 | D:2      | Found a basalt altar of Yredelemnul.
  2071 | D:2      | Noticed an angel
  2134 | D:3      | Noticed Sigmund
  2167 | D:3      | Killed Sigmund
  2167 | D:3      | Reached skill level 4 in Fighting
  2167 | D:3      | Reached skill level 3 in Axes
  2167 | D:3      | Reached skill level 4 in Armour
  2167 | D:3      | Gained mutation: You are partially covered in slimy green scales. (AC +2) [demonic ancestry]
  2167 | D:3      | Reached XP level 5. HP: 32/43 MP: 5/5
  2365 | D:3      | Reached XP level 6. HP: 49/49 MP: 6/6
  2379 | D:3      | Found a blossoming altar of Fedhas.
  2837 | D:4      | Noticed an ice beast
  2890 | D:3      | Killed an ice beast
  3069 | D:4      | Reached skill level 5 in Fighting
  3069 | D:4      | Reached skill level 4 in Axes
  3203 | D:4      | Found a sparkling altar of Nemelex Xobeh.
  3411 | D:4      | Reached XP level 7. HP: 49/56 MP: 7/7
  3629 | D:4      | Found a hazy altar of Hepliaklqana.
  3767 | D:5      | Entered Level 5 of the Dungeon
  3905 | D:5      | Found a sacrificial altar of Ru.
  3996 | D:5      | Reached skill level 5 in Armour
  4256 | D:5      | Found an opulent altar of Gozag.
  4256 | D:5      | Found a snail-covered altar of Cheibriados.
  4700 | D:6      | Reached skill level 3 in Shields
  4720 | D:6      | Found a radiant altar of Vehumet.
  4739 | D:6      | Noticed Edmund
  4759 | D:6      | Killed Edmund
  4759 | D:6      | Reached skill level 6 in Fighting
  4759 | D:6      | Reached skill level 5 in Axes
  4759 | D:6      | Gained mutation: You regenerate health from kills. [demonic ancestry]
  4759 | D:6      | Reached XP level 8. HP: 45/64 MP: 8/8
  4821 | D:6      | Found an iron altar of Okawaru.
  4839 | D:6      | Became a worshipper of Warmaster Okawaru
  4964 | D:6      | Reached skill level 4 in Shields
  5213 | D:6      | Noticed a gargoyle
  5401 | D:6      | Found a deep blue altar of Sif Muna.
  5646 | D:7      | Reached skill level 6 in Armour
  5660 | D:7      | Reached * piety under Okawaru
  5760 | D:7      | Found a staircase to the Ecumenical Temple.
  5923 | D:7      | Reached skill level 7 in Fighting
  5923 | D:7      | Reached skill level 6 in Axes
  5927 | D:7      | Found a burning altar of Makhleb.
  6097 | D:7      | Gained mutation: You are immune to rotting. [demonic ancestry]
  6097 | D:7      | Reached XP level 9. HP: 71/72 MP: 9/9
  6510 | D:8      | Reached skill level 1 in Invocations
  6517 | D:8      | Reached ** piety under Okawaru
  6517 | D:8      | Reached skill level 1 in Evocations
  6535 | D:8      | Reached skill level 2 in Invocations
  6547 | D:8      | Reached skill level 7 in Armour
  6552 | D:8      | Reached skill level 2 in Evocations
  6605 | D:8      | Reached skill level 3 in Invocations
  6682 | D:8      | Noticed a two-headed ogre
  6693 | D:8      | Killed a two-headed ogre
  6693 | D:8      | Reached *** piety under Okawaru
  6693 | D:8      | Reached skill level 8 in Fighting
  6693 | D:8      | Reached skill level 7 in Axes
  6693 | D:8      | Reached skill level 4 in Invocations
  6693 | D:8      | Reached skill level 3 in Evocations
  6694 | D:8      | Noticed Grum
  6757 | D:8      | HP: 18/74 [wolf[Grum] (7)]
  6758 | D:8      | HP: 8/74 [Grum/spear (12)]
  6765 | D:7      | HP: 12/74 [wolf[Grum] (4)]
  6770 | D:7      | Reached XP level 10. HP: 14/80 MP: 13/13
  7074 | D:8      | Killed Grum
  7233 | D:8      | Noticed Erica
  7240 | D:8      | Killed Erica
  7240 | D:8      | Reached **** piety under Okawaru
  7240 | D:8      | Reached skill level 5 in Invocations
  7240 | D:8      | Reached skill level 4 in Evocations
  7327 | D:8      | Noticed a death yak
  7328 | D:8      | Found a staircase to the Lair.
  7329 | D:8      | Noticed a death yak
  7329 | D:8      | Noticed a death yak
  7768 | D:8      | Noticed Maurice
  7779 | D:8      | Killed Maurice
  8273 | D:9      | Noticed Shenanicrawl's ghost (novice MfIE)
  8293 | D:8      | Reached skill level 8 in Armour
  9084 | D:9      | Found Vaim's Armour Shop.
  9088 | D:9      | Bought a +1 pair of gloves of strength for 231 gold pieces
  9177 | D:9      | Reached skill level 6 in Invocations
  9315 | D:9      | Noticed Pikel
  9331 | D:9      | Killed Pikel
  9574 | D:9      | Reached skill level 9 in Fighting
  9654 | D:9      | Noticed a two-headed ogre
  9663 | D:9      | Killed a two-headed ogre
  9663 | D:9      | Reached skill level 8 in Axes
  9663 | D:9      | Reached skill level 5 in Evocations
  9728 | D:9      | Noticed a two-headed ogre
  9738 | D:9      | Killed a two-headed ogre
  9738 | D:9      | Reached skill level 7 in Invocations
  9738 | D:9      | Gained mutation: You may emit foul miasma when damaged in melee. [demonic ancestry]
  9738 | D:9      | Reached XP level 11. HP: 68/89 MP: 16/16
  9800 | D:9      | Noticed a two-headed ogre
  9808 | D:9      | Killed a two-headed ogre
  9808 | D:9      | Reached ***** piety under Okawaru
  9887 | D:9      | Killed Shenanicrawl's ghost
 10175 | D:9      | Found a shattered altar of Ashenzari.
 10193 | D:9      | Found a bloodstained altar of Trog.
 10244 | D:10     | Entered Level 10 of the Dungeon
 10289 | D:10     | Found a flagged portal.
 10306 | D:10     | Got a dazzling halberd
 10309 | Bailey   | Entered a bailey
 10591 | Bailey   | Reached skill level 8 in Invocations
 11033 | D:10     | Reached skill level 9 in Armour
 11764 | D:10     | Reached skill level 10 in Fighting
 11901 | D:11     | Reached skill level 9 in Axes
 11913 | D:11     | Reached skill level 9 in Invocations
 12176 | D:11     | Noticed Psyche
 12216 | D:11     | Paralysed by Psyche for 7 turns
 12230 | D:11     | Killed Psyche
 12289 | D:11     | Noticed an unseen horror
 12306 | D:11     | Killed an unseen horror
 12349 | D:11     | Reached XP level 12. HP: 94/98 MP: 12/18
 12395 | D:11     | Got an ichor-stained trident
 12423 | D:11     | Got a crude ring mail
 12435 | D:11     | Noticed a five-headed hydra
 12466 | D:10     | Identified the +5 ring mail of Snakes and Ladders {+Inv rC+ rN+} (You found it on level 11 of the Dungeon)
 12493 | D:10     | Identified the cursed +2 halberd "Zuerazit" {chop, rPois} (You found it on level 10 of the Dungeon)
 12494 | D:10     | Identified the +6 trident "shakethe's Regret" {pierce, *Noise +Rage rElec Dex+8} (You found it on level 11 of the Dungeon)
 12519 | D:11     | Killed a five-headed hydra
 12519 | D:11     | Received a gift from Okawaru
 13034 | D:12     | Found Ixopyh's Antique Weapon Boutique.
 13180 | D:12     | Reached skill level 10 in Armour
 13243 | D:12     | Found a staircase to the Orcish Mines.
 13284 | D:12     | Received a gift from Okawaru
 13342 | D:12     | Noticed Fannar
 13678 | Lair:1   | Entered Level 1 of the Lair of Beasts
 13971 | Lair:1   | Noticed an eight-headed hydra
 13986 | Lair:1   | Killed an eight-headed hydra
 13986 | Lair:1   | Reached skill level 11 in Fighting
 14037 | Lair:1   | Noticed a four-headed hydra
 14051 | Lair:1   | Killed a four-headed hydra
 14051 | Lair:1   | Reached skill level 10 in Axes
 15103 | Lair:3   | Noticed grindst0ne's ghost (adept FoCK)
 15185 | Lair:2   | Noticed Nergalle
 15196 | Lair:2   | Killed Nergalle
 15396 | Lair:2   | Noticed Harold
 15409 | Lair:2   | Killed Harold
 15873 | Lair:3   | Killed grindst0ne's ghost
 16125 | Lair:3   | Reached skill level 11 in Armour
 16714 | Lair:3   | Identified a scroll of acquirement
 16725 | Lair:3   | Got a crude hand axe
 16726 | Lair:3   | Identified the +5 hand axe "Feduehin" {drain, Str+2} (You found it on level 3 of the Lair of Beasts)
 16731 | Lair:3   | Got a pitted executioner's axe
 16744 | Lair:3   | Identified the +3 executioner's axe of Wu Jian's Scorn {elec, rF+ Stlth+} (You acquired it on level 3 of the Lair of Beasts)
 16792 | Lair:4   | Found a staircase to the Shoals.
 16805 | Lair:4   | Found a staircase to the Snake Pit.
 16820 | Lair:4   | Gained mutation: You are mostly covered in slimy green scales. (AC +3) [demonic ancestry]
 16820 | Lair:4   | Reached XP level 13. HP: 55/107 MP: 19/19
 16827 | Lair:4   | HP: 25/107 [naga/trident of pain (6)]
 16832 | Lair:4   | HP: 21/107 [poisoned by a naga (splash of poison)]
 16837 | Lair:4   | HP: 19/107 [poisoned by a naga (splash of poison)]
 16842 | Lair:4   | HP: 17/107 [poisoned by a naga (splash of poison)]
 16848 | Lair:3   | HP: 17/107 [poisoned by a naga (splash of poison)]
 16856 | Lair:3   | HP: 17/107 [poisoned by a naga (splash of poison)]
 17224 | Lair:4   | Reached skill level 11 in Axes
 17357 | Lair:4   | Reached skill level 12 in Fighting
 17477 | Lair:4   | Received a gift from Okawaru
 17780 | Lair:4   | Reached ****** piety under Okawaru
 18560 | Lair:5   | Found a staircase to the Slime Pits.
 18802 | Lair:5   | HP: 25/109 [electric eel/bolt of electricity (3)]
 18807 | Lair:5   | HP: 24/109 [electric eel/bolt of electricity (1)]
 18817 | Lair:5   | HP: 27/109 [electric eel/bolt of electricity (2)]
 19170 | Lair:5   | Received a gift from Okawaru
 19382 | Lair:5   | Reached skill level 12 in Axes
 19905 | Lair:6   | Entered Level 6 of the Lair of Beasts
 19920 | Lair:6   | HP: 18/109 [tyrant leech (15)]
 19983 | Lair:6   | HP: 27/109 [tyrant leech (9)]
 19989 | Lair:6   | HP: 22/109 [blink frog (8)]
 20660 | Lair:6   | Reached skill level 12 in Armour
 20680 | Lair:6   | Reached XP level 14. HP: 115/116 MP: 20/20
 20753 | Lair:6   | Reached skill level 13 in Fighting
 20932 | Lair:6   | Received a gift from Okawaru
 20954 | Lair:6   | Identified the +0 pair of gloves "Hiocupih" {rF+ Int-4 Stlth+} (Okawaru gifted it to you on level 6 of the Lair of Beasts)
 21557 | D:12     | Reached skill level 13 in Axes
 21570 | D:12     | Found Bymim's Armour Shop.
 22026 | D:12     | Killed Fannar
 22107 | D:13     | Noticed Sonja
 23077 | D:13     | Noticed Erolcha
 23083 | D:13     | Killed Erolcha
 23667 | D:14     | Received a gift from Okawaru
 24029 | D:14     | Reached skill level 14 in Axes
 24192 | D:14     | Identified Gaumeor's Handbook of the Fifty Ships
 24920 | D:14     | Found a gate to the Vaults.
 24954 | D:14     | Received a gift from Okawaru
 25012 | D:15     | Entered Level 15 of the Dungeon
 25129 | D:15     | Found Cucam's Serpentskin Sales.
 25171 | D:15     | Gained mutation: You are robust. (+10% HP) [demonic ancestry]
 25171 | D:15     | Reached XP level 15. HP: 112/137 MP: 21/21
 25202 | D:15     | Reached skill level 13 in Armour
 25218 | D:15     | Reached skill level 14 in Fighting
 25224 | D:15     | Found a staircase to the Depths.
 25728 | Orc:1    | Entered Level 1 of the Orcish Mines
 25734 | Orc:1    | Received a gift from Okawaru
 26174 | Orc:2    | Entered Level 2 of the Orcish Mines
 26187 | Orc:2    | Paralysed by an orc sorcerer for 4 turns
 26196 | Orc:2    | Paralysed by an orc sorcerer for 7 turns
 26207 | Orc:2    | Paralysed by an orc sorcerer for 3 turns
 26252 | Orc:2    | Reached skill level 15 in Axes
 26367 | Orc:2    | Noticed an orc warlord
 26382 | Orc:2    | Killed an orc warlord
 26387 | Orc:2    | Found Bizumyhi's Book Emporium.
 26567 | Orc:2    | Received a gift from Okawaru
 26610 | Orc:2    | Found Guasilolou's Antique Armour Boutique.
 26676 | Orc:2    | Found a staircase to the Elven Halls.
 26678 | Orc:2    | Found Oskax's General Store.
 26790 | Orc:2    | Found Nuajol's Antique Weapon Emporium.
 27491 | Snake:1  | Entered Level 1 of the Snake Pit
 27516 | Snake:1  | HP: 31/139 [shock serpent/bolt of electricity (13)]
 28129 | Snake:1  | Found Uwupy's Antique Weapon Shop.
 28548 | Snake:1  | Received a gift from Okawaru
 29526 | Snake:1  | Received a gift from Okawaru
 29539 | Snake:1  | Got a spiked scale mail {god gift}
 29550 | Snake:1  | Identified the +2 scale mail of the Vanishing Mice {MR+ rCorr} (Okawaru gifted it to you on level 1 of the Snake Pit)
 29896 | Snake:2  | HP: 26/139 [shock serpent/bolt of electricity (11)]
 29896 | Snake:2  | HP: 5/139 [shock serpent/bolt of electricity (21)]
 29905 | Snake:2  | Killed from afar by a shock serpent

Skill      XL: |  1  2  3  4  5  6  7  8  9 10 11 12 13 14 15 |
---------------+----------------------------------------------+-----
Axes           | 2 3 4 5 6 7 8 9 10 12 14 15 | 15.8
Armour         | 3 4 5 6 7 8 9 11 12 13 | 13.8
Fighting       | 4 5 6 7 8 9 10 11 12 13 14 | 14.8
Shields        | 3 4 |  4.0
Invocations    | 4 7 9 |  9.0
Evocations     | 3 5 |  5.1

Action                   |  1- 3 |  4- 6 |  7- 9 | 10-12 | 13-15 || total
-------------------------+-------+-------+-------+-------+-------++-------
Melee: War axe           |   123 |   117 |   391 |   779 |       ||  1410
       Headbutt          |     6 |    13 |    71 |   196 |   212 ||   498
       Unarmed           |       |     5 |       |       |       ||     5
       Mace              |       |       |       |    30 |    13 ||    43
       Executioner's axe |       |       |       |    15 |  1165 ||  1180
Invok: Heroism           |       |       |     4 |    17 |    17 ||    38
       Finesse           |       |       |       |     2 |     2 ||     4
Evoke: Wand              |       |     1 |     1 |    11 |     1 ||    14
  Use: Potion            |       |     1 |       |       |     6 ||     7
       Scroll            |       |       |    16 |    16 |    17 ||    49
 Stab: Paralysed         |       |     3 |     8 |    25 |       ||    36
  Eat: Chunk             |     2 |     6 |     8 |    24 |    24 ||    64
       Ration            |       |       |     1 |     4 |     5 ||    10
Armor: Scale mail        |    79 |    75 |   198 |     7 |       ||   359
       Skin              |       |     2 |       |       |       ||     2
       Plate armour      |       |       |       |   327 |       ||   327
       Chain mail        |       |       |       |    58 |       ||    58
       Crystal plate arm |       |       |       |   209 |  1566 ||  1775
       Ring mail         |       |       |       |    25 |       ||    25
Dodge: Dodged            |    48 |    36 |   192 |   286 |   345 ||   907
Block: Shield            |    75 |    51 |    18 |       |       ||   144
       Buckler           |       |       |    95 |   207 |       ||   302

Vault maps used:
D:1:      ldierk_walled_garden, hangedman_feature_mirror, minmay_misc_feat_doors
D:2:      kennysheep_big_flooded_room, grunt_temple_overflow_holy_war,
          first_ration
D:3:      fedhas_altar_3, minivault_14, minmay_close_crescents, uniq_sigmund
D:4:      kennysheep_mini, overflow_temple_1_default
D:5:      gammafunk_temple_overflow_wave, nicolae_ru_sacrificial_ziggurat
D:6:      okawaru_altar_gauntlet_db, lemuel_blue_sif_altar,
          lemuel_crystal_altar, grunt_decor_one_mirror, lightli_corner_chamber,
          uniq_edmund
D:7:      makhleb_blood_cavern_becter, temple_fountains, patterned_corridor
D:8:      dpeg_lair_monsters, grunt_ogre_cave, nrook_mini_backslash,
          uniq_maurice, uniq_grum, uniq_erica
D:9:      minitemple, serial_shops, shop, uniq_pikel
D:10:     enter_bailey_2, minivault_22
D:11:     uniq_psyche
D:12:     david_orc_4, serial_column_ruins, serial_shops, shop_statue,
          nicolae_shop_behind_doors, hangedman_weighted_door, uniq_fannar
D:13:     stair_cage_cross, grunt_ministairs_5, uniq_sonja, uniq_erolcha
D:14:     david_vaults_5, minmay_holes
D:15:     gammafunk_enter_depths_forms, corexii_leaking_fountain,
          guppyfry_shop_venom
Lair:1:   infiniplex_staircase_pool, lemuel_fruit_tree
Lair:2:   lemuel_fruit_fields, serial_bayou_shore_b, uniq_nergalle, uniq_harold
Lair:4:   cheibrodos_magma_flow, shoals_dummy_entry,
          minmay_snake_entry_guardpost_small
Lair:5:   minmay_slime_entry_oklob_open, grunt_megastairs_1,
          serial_bayou_shore_a
Lair:6:   minmay_lair_end_frog_pond
Snake:1:  hangedman_venom_bottle, minmay_shop_star
Snake:2:  serial_bayou_shore_b
Orc:2:    grunt_orc_gardens, grunt_orc_garden, grunt_orc_garden,
          grunt_orc_garden, grunt_orc_garden, nicolae_orc_stony_grotto
Bailey:   bailey_polearm_gnolls_kennysheep, bailey

Table legend:
 A = Turns spent in this place as a percentage of turns spent in the entire game.
 B = Non-inter-level travel turns spent in this place as a percentage of non-inter-level travel turns spent in the entire game.
 C = Inter-level travel turns spent in this place as a percentage of turns spent in this place.
 D = Turns resting spent in this place as a percentage of non-inter-level travel turns spent in this place.
 E = Turns spent auto-exploring this place as a percentage of non-inter-level travel turns spent in this place.
 F = Non-inter-level travel turns spent in this place divided by the number of levels of this place that you've seen.
                   A       B       C       D       E      F
               +-------+-------+-------+-------+-------+----------------------
         Total | 100.0 | 100.0 |   4.4 |  25.6 |  46.3 | 1099.2
       Dungeon |  59.3 |  58.8 |   5.2 |  23.2 |  47.0 | 1119.6
          Lair |  25.7 |  25.7 |   4.6 |  27.3 |  49.8 | 1223.7
     Snake Pit |   8.1 |   8.3 |   1.4 |  51.2 |  30.1 | 1190.0
  Orcish Mines |   5.3 |   5.5 |   0.8 |  13.0 |  51.5 | 788.0
        Bailey |   1.6 |   1.7 |   0.0 |   0.0 |  32.4 | 487.0
               +-------+-------+-------+-------+-------+----------------------

Table legend:
 A = Kills in this place as a percentage of kills in entire the game.
 B = Kills by you in this place as a percentage of kills by you in the entire game.
 C = Kills by friends in this place as a percentage of kills by friends in the entire game.
 D = Other kills in this place as a percentage of other kills in the entire game.
 E = Experience gained in this place as a percentage of experience gained in the entire game.
 F = Experience gained in this place divided by the number of levels of this place that you have seen.
                   A       B       C       D       E      F
               +-------+-------+-------+-------+-------+----------------------
         Total | 100.0 | 100.0 |   N/A |   N/A | 100.0 | 5874.7
       Dungeon |  57.1 |  57.1 |   N/A |   N/A |  44.1 | 4487.1
          Lair |  20.4 |  20.4 |   N/A |   N/A |  28.5 | 7254.8
     Snake Pit |   5.0 |   5.0 |   N/A |   N/A |  14.8 | 11315.0
  Orcish Mines |  13.7 |  13.7 |   N/A |   N/A |  11.8 | 9036.0
        Bailey |   3.8 |   3.8 |   N/A |   N/A |   0.8 | 1205.0
               +-------+-------+-------+-------+-------+----------------------
